 Dungeon Crawl Stone Soup version 0.23.1-38-g628c18f423 (webtiles) character file.

Game seed: 14393771511735140405

52197 rumpelstilzz the Fighter (level 14, -5/125 HPs)
             Began as a Centaur Fighter on Mar 29, 2019.
             Was the Champion of Qazlal.
             Slain by an acid blob (26 damage)
             ... on level 6 of the Lair of Beasts.
             The game lasted 01:23:02 (15975 turns).

rumpelstilzz the Fighter (Centaur Fighter)         Turns: 15975, Time: 01:23:03

Health: -5/125     AC:  7    Str: 25    XL:     14   Next: 26%
Magic:  22/22      EV:  8    Int:  7    God:    Qazlal [******]
Gold:   757        SH: 25    Dex: 11    Spells: 13/13 levels left

rFire    + . .     SeeInvis .   a - +9 spear (flame)
rCold    + . .     Gourm    .   c - +2 shield
rNeg     + + .     Faith    .   b - +7 chain mail of Intuition {rN+ Slay+3}
rPois    .         Spirit   .   L - +2 helmet
rElec    +         Reflect  +   F - +0 cloak
rCorr    .         Harm     .   k - +0 pair of gloves
MR       +....                  (no barding)
Stlth    ..........             Q - amulet "Cekeis Fago" {Reflect rElec rN+ SH+4}
HPRegen  0.30/turn              o - ring of protection from cold
MPRegen  0.18/turn              d - +3 ring of strength

@: corroded, studying 2 skills, repel missiles, very quick
A: large, hooves 3, deformed body, fire resistance 1, speed 2, high mp 1, tough
skin 3
a: Upheaval, Elemental Force, Disaster Area, Renounce Religion


You were on level 6 of the Lair of Beasts.
You worshipped Qazlal.
Qazlal was exalted by your worship.
You were not hungry.

You visited 3 branches of the dungeon, and saw 17 of its levels.
You also visited: Ossuary.

You collected 1133 gold pieces.
You spent 376 gold pieces at shops.

Inventory:

Hand Weapons
 a - a +9 spear of flaming (weapon)
Armour
 b - the +7 chain mail of Intuition (worn) {rN+ Slay+3}
   (You found it on level 4 of the Dungeon)

   It affects your accuracy and damage with ranged weapons and melee attacks
   (+3).
   It protects you from negative energy.
 c - a +2 shield (worn)
 k - a +0 pair of gloves (worn)
 F - a +0 cloak (worn)
 L - a +2 helmet (worn)
Jewellery
 d - a +3 ring of strength (right hand)
 j - an uncursed ring of flight
 o - a ring of protection from cold (left hand)
 Q - the amulet "Cekeis Fago" (around neck) {Reflect rElec rN+ SH+4}
   (You found it on level 10 of the Dungeon)

   [amulet of reflection]

   It shields you and reflects attacks.
   It insulates you from electricity.
   It protects you from negative energy.
   It affects your SH (+4).
Wands
 m - a wand of random effects (34)
 v - a wand of disintegration (14)
 w - a wand of flame (12)
 H - a wand of enslavement (11)
 I - a wand of iceblast (9)
 K - a wand of acid (13)
 O - a wand of paralysis (4)
 S - a wand of polymorph (8)
Scrolls
 i - 8 scrolls of teleportation
 n - 4 scrolls of amnesia
 q - 2 scrolls of fog
 s - 3 scrolls of fear
 x - 6 scrolls of identify
 y - a scroll of blinking
 J - 3 scrolls of magic mapping
 M - 3 scrolls of remove curse
Potions
 g - 7 potions of lignification
 l - 3 potions of brilliance
 p - 3 potions of flight
 r - a potion of resistance
 t - 9 potions of curing
 u - 2 potions of invisibility
 A - 4 potions of cancellation
 C - a potion of haste
 D - 3 potions of heal wounds
 G - 2 potions of berserk rage
 N - a potion of magic
 T - a potion of agility
Books
 e - a manual of Slings
 z - a manual of Unarmed Combat
Miscellaneous
 B - a crystal ball of energy
Comestibles
 f - 38 rations


   Skills:
 * Level 11.8 Fighting
 + Level 7.7 Polearms
 * Level 9.4 Armour
 + Level 6.1 Dodging
 + Level 6.8 Shields
 + Level 10.4 Unarmed Combat
 + Level 8.3 Invocations
 + Level 6.8 Evocations


You had 13 spell levels left.
You didn't know any spells.
Your spell library contained the following spells:

 Spells                   Type           Power        Failure   Level  Hunger
 Flame Tongue             Conj/Fire      #....        98%         1    ##.....
 Summon Small Mammal      Summ           #...         98%         1    ##.....
 Shadow Creatures         Summ           N/A          100%        6    #######


Dungeon Overview and Level Annotations

Branches:
Dungeon (10/15)            Temple (1/1) D:5            Lair (6/6) D:10
 Shoals (0/4) Lair:3       Spider (0/4) Lair:4        Slime (0/5) Lair:6
    Orc: D:9-12

Altars:
Ashenzari
Cheibriados
Dithmenos
Elyvilon
Fedhas
Gozag
Hepliaklqana
Kikubaaqudgha
Makhleb
Nemelex Xobeh
Okawaru
Qazlal
Ru
Sif Muna
Trog
Uskayaw
Vehumet
Wu Jian
Xom
Yredelemnul
Zin
The Shining One
Jiyva

Shops:
D:4 (}((*   D:5 (%(*   D:6 [   D:7 ?   D:8 [

Annotations:
D:6 1 runed translucent door
Lair:2 exclusion: 3 oklob plants


Innate Abilities, Weirdness & Mutations

You have hooves in place of feet.
Armour fits poorly on your strangely shaped body.
You cover ground very quickly.
You have extremely tough skin. (AC +3)
Your flesh is heat resistant. (rF+)
You have an increased reservoir of magic. (+10% MP)


Message History

You are splashed with acid!
* * * LOW HITPOINT WARNING * * *
You feel much better. The acid blob spits acid at you.
The splash of acid is repelled.
You puncture the acid blob! You burn the acid blob. The acid corrodes you!
Your hands burn!
* * * LOW HITPOINT WARNING * * *
You kick the acid blob, but do no damage.
The acid blob is almost dead.
The acid blob spits acid at you.
The splash of acid hits you but does no damage.
You are splashed with acid!
* * * LOW HITPOINT WARNING * * *
You hit the acid blob. You burn the acid blob.
Your hands burn!
* * * LOW HITPOINT WARNING * * *
You kick the acid blob.
The acid blob is almost dead.
The acid blob hits you!!
You die...

### #(## ##.P## ##§.°.##
######### ####.○@...######
#.##..#.###..###J##......#
..............#.J[#.....##
..............#...#......#
...##...##....#.>.##..P..#
..#...P..#....#####.#.#.P#
.##.#..###.....#.....##.P#
..##...###...........#..##
.####...##...#.#........#


You could see an acid blob and a slime creature.

Vanquished Creatures
  Gastronok (D:8)
  3 hydras
  A dancing weapon (D:8)
  12 death yaks
  The ghost of PikkenKukken the Grappler, a novice TrEE (D:8)
  Nergalle (Lair:3)
  A lindwurm (Lair:6)
  Psyche (D:8)
  8 black mambas
  6 elephants
  Joseph (D:9)
  5 komodo dragons
  16 spiny frogs
  3 rime drakes
  3 trolls
  A merfolk (Lair:3)
  3 meliai (Lair:5)
  2 queen bees
  A jumping spider (Lair:4)
  6 dream sheep (Lair:4)
  4 hippogriffs
  24 blink frogs
  A redback (Lair:4)
  4 wyverns
  A basilisk (Lair:1)
  25 yaks
  Grum (D:9)
  Eustachio (D:4)
  A hungry ghost (D:7)
  2 steam dragons
  Edmund (D:4)
  5 soldier ants (D:6)
  18 water moccasins
  12 porcupines
  5 orc warriors
  A black bear (D:8)
  2 phantoms
  A necrophage (D:8)
  8 ogres
  9 wolves
  4 centaurs
  13 crocodiles
  4 big kobolds
  A gnoll sergeant (D:7)
  11 bullfrogs
  2 water moccasin zombies (Ossuary)
  A wyvern skeleton (D:8)
  3 scorpions
  A water moccasin skeleton (D:8)
  60 killer bees
  8 wights
  7 howler monkeys
  A bullfrog zombie (D:9)
  A crimson imp (D:8)
  3 quasits
  6 jellies
  5 orc priests
  8 orc wizards
  8 hounds
  5 iguanas
  10 worker ants
  A killer bee zombie (D:9)
  2 big kobold zombies (Ossuary)
  3 mummies
  A howler monkey zombie (D:7)
  8 gnolls
  16 adders
  A shadow imp (D:5)
  2 oozes
  An adder skeleton (D:4)
  11 adder zombies
  5 worms
  6 leopard geckos
  29 orcs
  A ball python (D:3)
  2 giant cockroaches (D:3)
  A gnoll zombie (Ossuary)
  10 hobgoblins
  7 jackals
  7 quokkas
  12 bats
  6 frilled lizards
  10 goblins
  5 hobgoblin zombies (Ossuary)
  24 kobolds
  3 kobold zombies (Ossuary)
  A leopard gecko skeleton (D:5)
  2 orc zombies (Ossuary)
  A quokka skeleton (D:5)
  14 rats
  A fungus (Lair:6)
557 creatures vanquished.

Vanquished Creatures (others)
  4 fungi
  4 plants
8 creatures vanquished.

Grand Total: 565 creatures vanquished

Notes
Turn   | Place    | Note
-------+----------+-------------------------------------------
     0 | D:1      | rumpelstilzz the Centaur Fighter began the quest for the
                  | Orb.
     0 | D:1      | Reached XP level 1. HP: 19/19 MP: 1/1
    69 | D:1      | Reached XP level 2. HP: 26/26 MP: 2/2
   695 | D:1      | Reached XP level 3. HP: 31/31 MP: 3/3
  1393 | D:2      | Reached XP level 4. HP: 31/38 MP: 4/4
  2250 | D:3      | Found an opulent altar of Gozag.
  2524 | D:3      | Reached skill level 1 in Unarmed Combat
  2654 | D:4      | Found a basalt altar of Yredelemnul.
  2655 | D:4      | Found an iron altar of Okawaru.
  2656 | D:4      | Found a deep blue altar of Sif Muna.
  2664 | D:4      | Reached XP level 5. HP: 39/46 MP: 5/5
  2668 | D:4      | Found Ocousch's General Store.
  2676 | D:4      | Bought a potion of agility for 56 gold pieces
  2676 | D:4      | Bought a scroll of teleportation for 42 gold pieces
  2676 | D:4      | Bought a scroll of fear for 49 gold pieces
  2728 | D:4      | Reached skill level 4 in Fighting
  2919 | D:4      | Noticed Edmund
  2956 | D:4      | Killed Edmund
  2956 | D:4      | Reached skill level 1 in Dodging
  2956 | D:4      | Reached XP level 6. HP: 3/53 MP: 0/6
  3291 | D:4      | Identified Sif Muna's Disquisition on the Supportive
                  | Arsonist
  3647 | D:4      | Noticed Eustachio
  3659 | D:4      | Killed Eustachio
  3659 | D:4      | Reached XP level 7. HP: 38/60 MP: 7/7
  3925 | D:4      | Found Kaurun's Weapon Shop.
  3936 | D:4      | Found Tupt's Weapon Emporium.
  4019 | D:4      | Found Ehyesedime's Gadget Shop.
  4119 | D:4      | Got a transparent chain mail
  4125 | D:4      | Identified the +7 chain mail of Intuition {rN+ Slay+3} (You
                  | found it on level 4 of the Dungeon)
  4134 | D:4      | Found Dealucep's Antique Weapon Boutique.
  4227 | D:5      | Entered Level 5 of the Dungeon
  4241 | D:5      | Reached skill level 5 in Fighting
  4259 | D:5      | Found Vaixzuff's Food Emporium.
  4293 | D:5      | Found Zuaxtyti's Antique Weapon Shoppe.
  4529 | D:5      | Found Qorraen's Antique Weapon Shoppe.
  4569 | D:5      | Found Plog's General Store.
  4576 | D:5      | Bought a scroll of enchant weapon for 112 gold pieces
  4589 | D:5      | Found a burning altar of Makhleb.
  4893 | D:5      | Found a staircase to the Ecumenical Temple.
  4903 | Temple   | Entered the Ecumenical Temple
  4913 | Temple   | Became a worshipper of Qazlal Stormbringer
  5091 | D:6      | Got a pitted ring mail
  5102 | D:6      | Identified the cursed +0 ring mail of the Skies Above
                  | {rElec Int+3 Stlth+} (You found it on level 6 of the
                  | Dungeon)
  5171 | D:6      | Found a sand-covered staircase.
  5183 | Ossuary  | Entered an ossuary
  5340 | Ossuary  | Reached XP level 8. HP: 69/69 MP: 8/8
  5394 | Ossuary  | Reached * piety under Qazlal
  5403 | Ossuary  | Reached skill level 1 in Invocations
  5497 | D:6      | Found Zuguungepo's Armour Boutique.
  5531 | D:6      | Found a runed translucent door.
  5534 | D:6      | Found a runed translucent gate.
  5547 | D:6      | Found a runed translucent gate.
  5550 | D:6      | Found the +9 staff of Olgreb {rPois}
  5556 | D:6      | Found a runed translucent door.
  5575 | D:6      | Reached skill level 1 in Evocations
  5805 | D:6      | Found a runed translucent gate.
  5906 | D:6      | Reached skill level 6 in Fighting
  6336 | D:6      | Reached XP level 9. HP: 73/78 MP: 10/10
  6342 | D:6      | Reached ** piety under Qazlal
  6342 | D:6      | Reached skill level 5 in Armour
  6403 | D:6      | Reached skill level 7 in Fighting
  6493 | D:7      | Found Daytrif's Magic Scroll Shop.
  6533 | D:7      | Bought a scroll of identify for 26 gold pieces
  6533 | D:7      | Bought a scroll of identify for 26 gold pieces
  6533 | D:7      | Bought a scroll of identify for 26 gold pieces
  6533 | D:7      | Bought a scroll of remove curse for 39 gold pieces
  6658 | D:7      | Noticed a troll
  6680 | D:7      | Killed a troll
  6699 | D:7      | Reached XP level 10. HP: 62/86 MP: 12/12
  6751 | D:7      | Reached *** piety under Qazlal
  7157 | D:7      | Found a sparkling altar of Nemelex Xobeh.
  7290 | D:8      | Reached **** piety under Qazlal
  7300 | D:8      | Noticed Psyche
  7302 | D:8      | Killed Psyche
  7302 | D:8      | Reached skill level 5 in Polearms
  7335 | D:8      | Reached skill level 5 in Unarmed Combat
  7338 | D:8      | Reached skill level 8 in Fighting
  7456 | D:8      | Found Woatwaat's Armour Shop.
  7482 | D:8      | Noticed Gastronok
  7502 | D:8      | Killed Gastronok
  7502 | D:8      | Reached XP level 11. HP: 94/95 MP: 14/14
  7665 | D:8      | Reached ***** piety under Qazlal
  7835 | D:8      | Found a runed translucent door.
  7836 | D:8      | Found a shimmering altar of Xom.
  7836 | D:8      | Noticed PikkenKukken's ghost (novice TrEE)
  7836 | D:8      | Noticed a +1 dagger of chaos
  7861 | D:8      | Killed a +1 dagger of chaos
  7861 | D:8      | Reached skill level 5 in Invocations
  7867 | D:8      | Killed PikkenKukken's ghost
  7867 | D:8      | Reached skill level 9 in Fighting
  7867 | D:8      | Reached skill level 5 in Shields
  7892 | D:8      | Found a white marble altar of Elyvilon.
  8116 | D:9      | Noticed Grum
  8121 | D:9      | Killed Grum
  8399 | D:9      | Noticed Joseph
  8407 | D:9      | Paralysed by Joseph for 7 turns
  8424 | D:9      | Paralysed by Joseph for 5 turns
  8435 | D:9      | Killed Joseph
  8845 | D:10     | Entered Level 10 of the Dungeon
  8902 | D:10     | Noticed a death yak
  8902 | D:10     | Noticed a death yak
  8902 | D:10     | Noticed a death yak
  8903 | D:10     | Noticed a death yak
  8903 | D:10     | Noticed a death yak
  8905 | D:10     | Noticed a death yak
  8907 | D:10     | Noticed a death yak
  8907 | D:10     | Noticed a death yak
  8920 | D:9      | Killed a death yak
  8928 | D:9      | Killed a death yak
  8939 | D:9      | Killed a death yak
  8939 | D:9      | Reached XP level 12. HP: 49/105 MP: 3/16
  9161 | D:9      | Killed a death yak
  9165 | D:9      | Killed a death yak
  9169 | D:9      | Killed a death yak
  9494 | D:10     | Got a coiled platinum amulet
  9597 | D:10     | Reached skill level 5 in Evocations
  9648 | D:10     | Killed a death yak
  9655 | D:10     | Killed a death yak
  9655 | D:10     | Reached skill level 10 in Fighting
 10026 | D:10     | Found a snail-covered altar of Cheibriados.
 10223 | D:10     | Found a staircase to the Lair.
 10796 | D:10     | Identified the amulet "Cekeis Fago" {Reflect rElec rN+
                  | SH+4} (You found it on level 10 of the Dungeon)
 10807 | Lair:1   | Entered Level 1 of the Lair of Beasts
 10856 | Lair:1   | Reached skill level 5 in Dodging
 11627 | Lair:2   | Reached ****** piety under Qazlal
 12189 | Lair:3   | Reached XP level 13. HP: 110/114 MP: 18/18
 12205 | Lair:3   | Noticed Nergalle
 12235 | Lair:3   | Killed Nergalle
 12639 | Lair:3   | Found a staircase to the Shoals.
 12912 | Lair:4   | Reached skill level 11 in Fighting
 12965 | Lair:4   | Found a hole to the Spider Nest.
 14689 | Lair:6   | Entered Level 6 of the Lair of Beasts
 14701 | Lair:5   | Reached skill level 10 in Unarmed Combat
 15092 | Lair:5   | Reached XP level 14. HP: 107/124 MP: 20/20
 15937 | Lair:6   | Gained mutation: Your spells are a little harder to cast,
                  | but a little more powerful. [potion of mutation]
 15937 | Lair:6   | Gained mutation: You are partially covered in molten
                  | scales. (AC +2) [potion of mutation]
 15938 | Lair:6   | Lost mutation: Your spells are a little harder to cast, but
                  | a little more powerful. [potion of mutation]
 15938 | Lair:6   | Lost mutation: You are partially covered in molten scales.
                  | (AC +2) [potion of mutation]
 15938 | Lair:6   | Gained mutation: Your flesh is heat resistant. (rF+)
                  | [potion of mutation]
 15938 | Lair:6   | Gained mutation: You have an increased reservoir of magic.
                  | (+10% MP) [potion of mutation]
 15954 | Lair:6   | Found a runed translucent door.
 15954 | Lair:6   | Found a viscous altar of Jiyva.
 15955 | Lair:6   | Found a staircase to the Slime Pits.
 15955 | Lair:6   | Noticed an acid blob
 15975 | Lair:6   | Slain by an acid blob

Skill      XL: |  1  2  3  4  5  6  7  8  9 10 11 12 13 14 |
---------------+-------------------------------------------+-----
Polearms       | 2 3 4 5 6 7 |  7.7
Unarmed Combat | 1 2 3 4 5 7 8 10 | 10.4
Armour         | 3 4 5 6 7 8 9 |  9.4
Fighting       | 4 5 6 7 8 9 10 11 | 11.8
Dodging        | 1 2 3 4 5 6 |  6.1
Shields        | 3 4 5 6 |  6.8
Invocations    | 2 3 4 5 7 8 |  8.3
Evocations     | 1 2 3 4 5 6 |  6.8

Action                   |  1- 3 |  4- 6 |  7- 9 | 10-12 | 13-15 || total
-------------------------+-------+-------+-------+-------+-------++-------
Melee: Trident           |    53 |       |       |       |       ||    53
       Kick              |    23 |    43 |   117 |   193 |   157 ||   533
       Spear             |    81 |   207 |   467 |   654 |   428 ||  1837
       Unarmed           |       |       |       |    11 |       ||    11
  Use: Scroll            |       |    10 |    18 |     8 |     1 ||    37
       Potion            |       |       |     3 |     2 |     3 ||     8
 Stab: Sleeping          |       |       |     1 |       |       ||     1
  Eat: Chunk             |     1 |     4 |     7 |    10 |     6 ||    28
       Ration            |       |     1 |       |     2 |     1 ||     4
Armor: Scale mail        |    51 |    73 |     4 |       |       ||   128
       Chain mail        |       |       |    55 |   209 |   159 ||   423
       Ring mail         |       |       |    53 |       |       ||    53
       Skin              |       |       |       |     3 |       ||     3
Dodge: Dodged            |    16 |    35 |    76 |    90 |    81 ||   298
       Deflected         |       |       |       |     3 |     3 ||     6
Block: Shield            |    42 |    79 |   222 |   500 |   518 ||  1361
       Other             |       |       |       |     4 |       ||     4
       Reflection        |       |       |       |       |     2 ||     2
